 Dungeon Crawl Stone Soup version 0.23.0-28-g6fe0f4d (webtiles) character file.

Game seed: 7046610275034201506

56 Borgoz the Ruffian (level 3, -14/30 HPs)
             Began as a Ghoul Warper on Feb 25, 2019.
             Demolished by Sigmund
             ... wielding a +0 scythe
              (16 damage)
             ... on level 2 of the Dungeon.
             The game lasted 00:02:29 (1167 turns).

Borgoz the Ruffian (Ghoul Warper)                   Turns: 1167, Time: 00:02:30

Health: -14/30     AC:  7    Str: 14    XL:     3   Next: 95%
Magic:  4/4        EV: 11    Int: 13    God:
Gold:   34         SH:  0    Dex:  9    Spells: 5/5 levels left

rFire    . . .     SeeInvis .     - Unarmed
rCold    + . .     Gourm    .   (no shield)
rNeg     + + +     Faith    .   i - +1 ring mail
rPois    ∞         Spirit   .   (no helmet)
rElec    .         Reflect  .   (no cloak)
rCorr    .         Harm     .   b - +0 pair of gloves
MR       .....                  (no boots)
Stlth    ..........             (no amulet)
HPRegen  0.00/turn              (no ring)
MPRegen  0.09/turn              (no ring)

@: brilliant, flying, rotting
A: rotting body, claws 1, carnivore, cold resistance 1, negative energy
resistance 3, inhibited regeneration, torment resistance, unbreathing
a: no special abilities


You were on level 2 of the Dungeon.
You were not hungry.

You visited 1 branch of the dungeon, and saw 2 of its levels.

You collected 34 gold pieces.

Inventory:

Missiles
 d - 5 tomahawks of dispersal (quivered)
Armour
 b - a +0 pair of gloves (worn)
 i - a +1 ring mail (worn)
Scrolls
 c - 2 scrolls of blinking
 e - 4 scrolls of remove curse
Comestibles
 f - 6 rations


   Skills:
 + Level 2.5 Fighting
 - Level 0.8 Throwing
 + Level 1.5 Armour
 + Level 2.3 Dodging
 + Level 3.3 Unarmed Combat
 + Level 1.9 Spellcasting
   Level 2.6 Translocations


You had 5 spell levels left.
You didn't know any spells.
Your spell library contained the following spells:

 Spells                   Type           Power        Failure   Level  Hunger
 Blink                    Tloc           N/A          3%          2    ###....
 Shroud of Golubria       Chrm/Tloc      ##........   5%          2    ###....
 Gell's Gravitas          Tloc           ###.......   6%          3    ####...
 Lesser Beckoning         Tloc           ###.......   6%          3    ####...
 Teleport Other           Tloc           ###.....     6%          3    ####...
 Passage of Golubria      Tloc           N/A          19%         4    #####..


Dungeon Overview and Level Annotations

Branches:
Dungeon (2/15)

Altars:
Kikubaaqudgha

Annotations:
D:2 Sigmund


Innate Abilities, Weirdness & Mutations

Your body is rotting away.
You thrive on raw meat.
You are immune to poison.
You have sharp fingernails.
You are carnivorous and can eat meat at any time.
Your flesh is cold resistant. (rC+)
You are immune to negative energy. (rN+++)
You do not regenerate when monsters are visible.
You are immune to unholy pain and torment.
You can survive without breathing.


Message History

You hit Sigmund.
Sigmund is lightly wounded.
Sigmund points at you and mumbles some strange words.
You are confused.
You bump into the rock wall.
Sigmund hits you with a +0 scythe.
You hit Sigmund.
Sigmund is lightly wounded.
You bump into the rock wall.
Sigmund barely misses you.
You hit Sigmund but do no damage.
Sigmund is lightly wounded.
You bump into the rock wall.
Sigmund casts a spell at you. The puff of flame hits you!
* * * LOW HITPOINT WARNING * * *
Sigmund hits you but does no damage.
You bump into the rock wall.
You feel less confused.
Sigmund hits you from afar with a +0 scythe!
Ouch! That really hurt!
You die...

.........#
#
.........#
#
.........#
#
#######'##
# #.# #
#.# # #.#
#
#.########
#
#..@.@...#
#
########.#


You could see Sigmund.

Vanquished Creatures
  2 adders (D:2)
  2 worms (D:2)
  A leopard gecko (D:2)
  An orc (D:2)
  5 bats
  A giant cockroach (D:1)
  5 goblins
  A hobgoblin (D:2)
  4 kobolds
  A quokka (D:2)
  4 frilled lizards
  4 rats
31 creatures vanquished.

Vanquished Creatures (others)
  A human (D:2)
1 creature vanquished.

Grand Total: 32 creatures vanquished

Notes
Turn   | Place    | Note
-------+----------+-------------------------------------------
     0 | D:1      | Borgoz the Ghoul Warper began the quest for the Orb.
     0 | D:1      | Reached XP level 1. HP: 17/17 MP: 2/2
   178 | D:1      | Reached XP level 2. HP: 24/25 MP: 3/3
   281 | D:1      | Reached skill level 1 in Armour
   780 | D:2      | Reached skill level 3 in Unarmed Combat
   780 | D:2      | Reached XP level 3. HP: 17/30 MP: 4/4
   839 | D:2      | Found an ancient bone altar of Kikubaaqudgha.
   840 | D:2      | Noticed a human
   841 | D:2      | Killed a human
  1141 | D:2      | Noticed Sigmund
  1167 | D:2      | Demolished by Sigmund

Skill      XL: |  1  2 |
---------------+-------+-----
Armour         | 1 |  1.5
Dodging        | 2 |  2.3
Unarmed Combat | 3 |  3.3
Fighting       | |  2.5
Throwing       | |  0.8
Spellcasting   | |  1.9
Translocations | |  2.6

Action                   || total
-------------------------++-------
Melee: Unarmed           ||   137
       Punch             ||     1
  Use: Potion            ||     4
       Scroll            ||     2
  Eat: Chunk             ||     8
Armor: Leather armour    ||     7
       Ring mail         ||    50
Dodge: Dodged            ||    88
